PAAA
FOREST CITY WARRIORS @ JERSEY CITY TRITONS
07/02/2042
 
TOP OF THE 1ST
Forest City Warriors batting - Pitching for Jersey City Tritons : RHP Sean Jones
Pitching: RHP Sean Jones
Batting: LHB Pat Carter 0-0: Swinging Strike
0-1: Ball
1-1: Ball
2-1: Ball
3-1: Foul Ball, location: 2F
3-2: Base on Balls
Batting: RHB Cristo Correa Jr. 0-0: Ball
1-0: Ball
2-0: Called Strike
2-1: Fly out, F9 (Flyball, 9D, EV 102.5 MPH)
Runner from 1st tags up, SAFE at 2nd
Batting: LHB Lauren Hilfiker 0-0: Ball
1-0: Ball
2-0: Called Strike
2-1: Fly out, F9 (Flyball, 9S, EV 84.4 MPH)
Batting: RHB Charlie Cummings 0-0: Called Strike
0-1: SINGLE (Groundball, 56D, EV 95.0 MPH)
Pat Carter to third
Runner from 3rd tries for Home, SAFE, throw by LF to home
Batting: LHB Pedro Durán 0-0: Called Strike
0-1: Called Strike
0-2: Foul Ball, location: 2F
0-2: Ball
1-2: SINGLE (Groundball, 34D, EV 103.1 MPH)
Charlie Cummings to second
Runner from 2nd tries for 3rd, SAFE, no throw by RF
Batting: RHB Carlos Martínez 0-0: Foul Ball, location: 2F
0-1: Ball
1-1: SINGLE (Groundball, 34D, EV 103.1 MPH)
Charlie Cummings scores
Pedro Durán to second
Runner from 2nd tries for 3rd, OUT! 9-5
Top of the 1st over - 2 runs, 3 hits, 0 errors, 1 left on base; Forest City 2 - Jersey City 0
BOTTOM OF THE 1ST
Jersey City Tritons batting - Pitching for Forest City Warriors : RHP Clarence Miller
Pitching: RHP Clarence Miller
Batting: LHB Justice Bigbie 0-0: Swinging Strike
0-1: Ball
1-1: SINGLE (Groundball, 34D, EV 100.6 MPH)
Batting: RHB Santiago Valentín 0-0: Called Strike
0-1: Ball
1-1: Ball
2-1: Ball
3-1: Swinging Strike
3-2: Ground out 5-3 (Groundball, 56, EV 78.8 MPH)
Justice Bigbie to second
Batting: LHB Kevin Hancock 0-0: Foul Ball, location: 2F
0-1: Called Strike
0-2: Strikes out swinging
Batting: LHB DeMarvion Overshown 0-0: Swinging Strike
0-1: Swinging Strike
0-2: Ball
1-2: Strikes out swinging
Bottom of the 1st over - 0 runs, 1 hit, 0 errors, 1 left on base; Forest City 2 - Jersey City 0
TOP OF THE 2ND
Forest City Warriors batting - Pitching for Jersey City Tritons : RHP Sean Jones
Batting: RHB Ernest Franks 0-0: Ball
1-0: Foul Ball, location: 2F
1-1: Fly out, F9 (Flyball, 9D, EV 90.6 MPH)
Batting: RHB Dale Epner 0-0: Ball
1-0: Ground out 6-3 (Groundball, 56, EV 100.6 MPH)
Batting: RHB Sam Hamilton 0-0: Ball
1-0: Reached on error, E5 (Groundball, 5, EV 100.0 MPH)
Batting: LHB Pat Carter 0-0: Called Strike
0-1: Ball
1-1: Called Strike
1-2: Ground out 4-3 (Groundball, 4, EV 89.4 MPH)
Top of the 2nd over - 0 runs, 0 hits, 1 error, 1 left on base; Forest City 2 - Jersey City 0
BOTTOM OF THE 2ND
Jersey City Tritons batting - Pitching for Forest City Warriors : RHP Clarence Miller
Batting: LHB Carlos Díaz 0-0: SINGLE (Line Drive, 5D, EV 101.9 MPH)
Batting: RHB Esteban Rojas 0-0: Ball
Carlos Díaz is caught stealing 2nd base 2-4
1-0: Called Strike
1-1: Foul Ball, location: 2F
1-2: Strikes out swinging
Batting: RHB Omar Krutsinger 0-0: Ball
1-0: Foul Ball, location: 2F
1-1: Fly out, F4 (Popup, 4, EV 62.5 MPH)
Bottom of the 2nd over - 0 runs, 1 hit, 0 errors, 0 left on base; Forest City 2 - Jersey City 0
TOP OF THE 3RD
Forest City Warriors batting - Pitching for Jersey City Tritons : RHP Sean Jones
Batting: RHB Cristo Correa Jr. 0-0: Called Strike
0-1: Foul Ball, location: 2F
0-2: Ball
1-2: Ball
2-2: Reached on error, E6 (Groundball, 6, EV 86.2 MPH)
Batting: LHB Lauren Hilfiker 0-0: Grounds out, U3 (Groundball, 3L, EV 100.6 MPH)
Batting: RHB Charlie Cummings 0-0: Ball
1-0: Called Strike
1-1: Ball
2-1: DOUBLE (Groundball, 5L, EV 108.8 MPH)
Cristo Correa Jr. scores
Batting: LHB Pedro Durán 0-0: Ball
1-0: Ball
2-0: Called Strike
2-1: Ground out U3 (Groundball, 34, EV 91.9 MPH)
Charlie Cummings to third
Batting: RHB Carlos Martínez 0-0: Called Strike
0-1: Foul Ball, location: 2F
0-2: Ball
1-2: Foul Ball, location: 2F
1-2: Ground out 5-3 (Groundball, 5, EV 81.2 MPH)
Top of the 3rd over - 1 run, 1 hit, 1 error, 1 left on base; Forest City 3 - Jersey City 0
BOTTOM OF THE 3RD
Jersey City Tritons batting - Pitching for Forest City Warriors : RHP Clarence Miller
Batting: LHB Jarred Williamson 0-0: Ball
1-0: Ball
2-0: Called Strike
2-1: Called Strike
2-2: Strikes out swinging
Batting: RHB Ramón Rodríguez 0-0: Foul Ball, location: 2F
0-1: Reached on error, E5 (Groundball, 56, EV 85.0 MPH)
Batting: LHB Justice Bigbie 0-0: Ball
1-0: Ball
2-0: Called Strike
2-1: Foul Ball, location: 2F
2-2: Foul Ball, location: 2F
2-2: Ball
3-2: Foul Ball, location: 2F
3-2: SINGLE (Groundball, 4MD, EV 94.4 MPH)
Ramón Rodríguez to second
Runner from 2nd tries for 3rd, SAFE, throw by CF made to third
Batting: RHB Santiago Valentín 0-0: Ball
Justice Bigbie is caught stealing 2nd base 2-4
1-0: Fly out, F8 (Flyball, 8LD, EV 96.2 MPH)
Bottom of the 3rd over - 0 runs, 1 hit, 1 error, 1 left on base; Forest City 3 - Jersey City 0
TOP OF THE 4TH
Forest City Warriors batting - Pitching for Jersey City Tritons : RHP Sean Jones
Batting: RHB Ernest Franks 0-0: Called Strike
0-1: Ball
1-1: DOUBLE (Groundball, 5L, EV 100.0 MPH)
Batting: RHB Dale Epner 0-0: Foul Ball, location: 2F
0-1: Foul Ball, location: 2F
0-2: Strikes out swinging
Batting: RHB Sam Hamilton 0-0: Ball
1-0: Foul Ball, location: 2F
1-1: Fly out, F8 (Flyball, 8RS, EV 81.9 MPH)
Batting: LHB Pat Carter 0-0: Ball
1-0: Ball
2-0: Called Strike
2-1: Foul Ball, location: 2F
2-2: Ball
3-2: Foul Ball, location: 2F
3-2: Base on Balls
Batting: RHB Cristo Correa Jr. 0-0: Fly out, F8 (Line Drive, 8RM, EV 93.1 MPH)
Top of the 4th over - 0 runs, 1 hit, 0 errors, 2 left on base; Forest City 3 - Jersey City 0
BOTTOM OF THE 4TH
Jersey City Tritons batting - Pitching for Forest City Warriors : RHP Clarence Miller
Batting: LHB Kevin Hancock 0-0: Ball
1-0: Called Strike
1-1: Fly out, F7 (Flyball, 7LMF, EV 91.9 MPH)
Batting: LHB DeMarvion Overshown 0-0: Called Strike
0-1: Ball
1-1: Ball
2-1: Foul Ball, location: 2F
2-2: Fly out, F9 (Flyball, 9S, EV 84.4 MPH)
Batting: LHB Carlos Díaz 0-0: Called Strike
0-1: Foul Ball, location: 2F
0-2: Ball
1-2: Ball
2-2: Fly out, F8 (Flyball, 8RM, EV 86.9 MPH)
Bottom of the 4th over - 0 runs, 0 hits, 0 errors, 0 left on base; Forest City 3 - Jersey City 0
TOP OF THE 5TH
Forest City Warriors batting - Pitching for Jersey City Tritons : RHP Sean Jones
Batting: LHB Lauren Hilfiker 0-0: Swinging Strike
0-1: Ball
1-1: Ground out 4-3 (Groundball, 34, EV 102.5 MPH)
Batting: RHB Charlie Cummings 0-0: Ball
1-0: Foul Ball, location: 2F
1-1: Ball
2-1: Ground out 4-3 (Groundball, 34, EV 86.9 MPH)
Batting: LHB Pedro Durán 0-0: Called Strike
0-1: Swinging Strike
0-2: Strikes out swinging
Top of the 5th over - 0 runs, 0 hits, 0 errors, 0 left on base; Forest City 3 - Jersey City 0
BOTTOM OF THE 5TH
Jersey City Tritons batting - Pitching for Forest City Warriors : RHP Clarence Miller
Batting: RHB Esteban Rojas 0-0: Called Strike
0-1: Ball
1-1: Ball
2-1: DOUBLE (Line Drive, 8RXD, EV 109.4 MPH)
Batting: RHB Omar Krutsinger 0-0: Ball
1-0: Sac Bunt to 13 - play at first, batter OUT! 1-3
Esteban Rojas to third
Batting: LHB Jarred Williamson 0-0: Fly out, F8 (Line Drive, 8RD, EV 93.1 MPH)
Runner from 3rd tags up, OUT at HOME! 8-2
Bottom of the 5th over - 0 runs, 1 hit, 0 errors, 0 left on base; Forest City 3 - Jersey City 0
TOP OF THE 6TH
Forest City Warriors batting - Pitching for Jersey City Tritons : RHP Sean Jones
Batting: RHB Carlos Martínez 0-0: Fly out, F9 (Flyball, 89D, EV 102.5 MPH)
Batting: RHB Ernest Franks 0-0: Foul Ball, location: 2F
0-1: Ball
1-1: Ball
2-1: Ball
3-1: SINGLE (Groundball, 56D, EV 93.8 MPH)
Batting: RHB Dale Epner 0-0: Ball
1-0: Called Strike
1-1: Ball
Ernest Franks is caught stealing 2nd base 2-4
2-1: Swinging Strike
2-2: Foul Ball, location: 2F
2-2: Ball
3-2: Base on Balls
Batting: RHB Sam Hamilton 0-0: Called Strike
0-1: Foul Ball, location: 2F
0-2: Strikes out swinging
Top of the 6th over - 0 runs, 1 hit, 0 errors, 1 left on base; Forest City 3 - Jersey City 0
BOTTOM OF THE 6TH
Jersey City Tritons batting - Pitching for Forest City Warriors : RHP Clarence Miller
Batting: RHB Ramón Rodríguez 0-0: Ball
1-0: Fly out, F7 (Flyball, 7D, EV 103.8 MPH)
Batting: LHB Justice Bigbie 0-0: Called Strike
0-1: Ball
1-1: Foul Ball, location: 2F
1-2: Strikes out swinging
Batting: RHB Santiago Valentín 0-0: Ball
1-0: Called Strike
1-1: Swinging Strike
1-2: Ball
2-2: Foul Ball, location: 2F
2-2: Ground out 3-1 (Groundball, 34, EV 109.4 MPH)
Bottom of the 6th over - 0 runs, 0 hits, 0 errors, 0 left on base; Forest City 3 - Jersey City 0
TOP OF THE 7TH
Forest City Warriors batting - Pitching for Jersey City Tritons : RHP Sean Jones
Batting: LHB Pat Carter 0-0: DOUBLE (Flyball, 8LXD, EV 109.4 MPH)
Pitching: LHP Adrián Padilla
Batting: RHB Cristo Correa Jr. 0-0: Intentional Walk
Batting: LHB Lauren Hilfiker 0-0: Ball
1-0: Swinging Strike
1-1: Ball
2-1: Ball
3-1: Base on Balls
Pat Carter to third
Cristo Correa Jr. to second
Batting: RHB Charlie Cummings 0-0: Swinging Strike
0-1: Foul Ball, location: 2F
0-2: Foul Ball, location: 2F
0-2: Ball
1-2: Strikes out looking
Batting: LHB Pedro Durán 0-0: Ball
1-0: Ball
2-0: Ball
3-0: Called Strike
3-1: Foul Ball, location: 2F
3-2: Base on Balls
Pat Carter scores
Cristo Correa Jr. to third
Lauren Hilfiker to second
Batting: RHB Carlos Martínez 0-0: Fly out, F3 (Popup, 3S, EV 81.9 MPH)
Batting: RHB Ernest Franks 0-0: Ball
1-0: Called Strike
1-1: Foul Ball, location: 2F
1-2: SINGLE (Line Drive, 5D, EV 98.8 MPH)
Cristo Correa Jr. scores
Lauren Hilfiker to third
Pedro Durán to second
Runner from 3rd tries for Home, SAFE, throw by LF to home
Batting: RHB Dale Epner 0-0: Called Strike
0-1: Fly out, F6 (Popup, 6MD, EV 66.2 MPH)
Top of the 7th over - 3 runs, 2 hits, 0 errors, 2 left on base; Forest City 6 - Jersey City 0
BOTTOM OF THE 7TH
Jersey City Tritons batting - Pitching for Forest City Warriors : RHP Clarence Miller
Batting: LHB Kevin Hancock 0-0: Called Strike
0-1: Ball
1-1: Swinging Strike
1-2: Ball
2-2: Strikes out swinging
Batting: LHB DeMarvion Overshown 0-0: Ball
1-0: Ball
2-0: Swinging Strike
2-1: Ball
3-1: Base on Balls
Batting: LHB Carlos Díaz 0-0: Ball
1-0: Ball
2-0: Foul Ball, location: 2F
2-1: Foul Ball, location: 2F
2-2: Ball
3-2: Grounds out, U3 (Groundball, 3L, EV 106.9 MPH)
Batting: RHB Esteban Rojas 0-0: Fly out, F7 (Flyball, 78M, EV 85.0 MPH)
Bottom of the 7th over - 0 runs, 0 hits, 0 errors, 1 left on base; Forest City 6 - Jersey City 0
TOP OF THE 8TH
Forest City Warriors batting - Pitching for Jersey City Tritons : LHP Adrián Padilla
Batting: RHB Sam Hamilton 0-0: Ball
1-0: Fly out, F8 (Flyball, 8RS, EV 79.4 MPH)
Batting: LHB Pat Carter 0-0: Foul Ball, location: 2F
0-1: SINGLE (Line Drive, 89M, EV 110.6 MPH)
Batting: RHB Cristo Correa Jr. 0-0: Foul Ball, location: 2F
0-1: Foul Ball, location: 2F
0-2: Fly out, F9 (Flyball, 9, EV 80.0 MPH)
Batting: LHB Lauren Hilfiker 0-0: Called Strike
0-1: Foul Ball, location: 2F
0-2: Foul Ball, location: 2F
0-2: Ball
1-2: SINGLE (Line Drive, 34D, EV 108.1 MPH)
Pat Carter to second
Runner from 2nd tries for 3rd, SAFE, throw by RF made to third
Batting: RHB Charlie Cummings 0-0: Swinging Strike
0-1: Ball
1-1: SINGLE (Line Drive, 56D, EV 100.0 MPH)
Pat Carter scores
Lauren Hilfiker to second
Pinch Hitting: RHB José Álvarez 0-0: Ball
1-0: Called Strike
1-1: Fielders Choice at 2nd, 5-4 (Groundball, 56, EV 96.9 MPH)
Top of the 8th over - 1 run, 3 hits, 0 errors, 2 left on base; Forest City 7 - Jersey City 0
BOTTOM OF THE 8TH
Jersey City Tritons batting - Pitching for Forest City Warriors : RHP Clarence Miller
Now at 3B: José Álvarez
Batting: RHB Omar Krutsinger 0-0: Ball
1-0: Ground out 6-3 (Groundball, 6, EV 98.1 MPH)
Batting: LHB Jarred Williamson 0-0: Ball
1-0: Ball
2-0: Ball
3-0: Base on Balls
Batting: RHB Ramón Rodríguez 0-0: Fly out, F6 (Popup, 4MD, EV 65.0 MPH)
Pinch Hitting: RHB Eddie Hickford 0-0: Called Strike
0-1: Foul Ball, location: 2F
0-2: Ball
1-2: Strikes out swinging
Bottom of the 8th over - 0 runs, 0 hits, 0 errors, 1 left on base; Forest City 7 - Jersey City 0
TOP OF THE 9TH
Forest City Warriors batting - Pitching for Jersey City Tritons : LHP Adrián Padilla
Pitching: LHP Cedric Zuercher
Now in LF: Eddie Hickford
Pinch Hitting: RHB Roberto Ramos 0-0: Foul Ball, location: 2F
0-1: Ball
1-1: Foul Ball, location: 2F
1-2: Foul Ball, location: 2F
1-2: Ball
2-2: Fly out, F7 (Flyball, 7, EV 84.4 MPH)
Batting: RHB Ernest Franks 0-0: Ground out 6-3 (Groundball, 6, EV 88.8 MPH)
Batting: RHB Dale Epner 0-0: Ball
1-0: Ball
2-0: Called Strike
2-1: Ball
3-1: Foul Ball, location: 2F
3-2: Foul Ball, location: 2F
3-2: Ground out 5-3 (Groundball, 5, EV 78.8 MPH)
Top of the 9th over - 0 runs, 0 hits, 0 errors, 0 left on base; Forest City 7 - Jersey City 0
BOTTOM OF THE 9TH
Jersey City Tritons batting - Pitching for Forest City Warriors : RHP Clarence Miller
Now at SS: Roberto Ramos
Batting: RHB Santiago Valentín 0-0: Foul Ball, location: 2F
0-1: Ball
1-1: Ball
2-1: Fly out, F4 (Popup, 23, EV 78.8 MPH)
Batting: LHB Kevin Hancock 0-0: Ball
1-0: Called Strike
1-1: Ball
2-1: Ball
3-1: Base on Balls
Pitching: RHP Dave Berry
Batting: LHB DeMarvion Overshown 0-0: Fly out, F8 (Flyball, 8RS, EV 86.2 MPH)
Batting: LHB Carlos Díaz 0-0: Foul Ball, location: 2F
0-1: Ball
1-1: Called Strike
1-2: Ball
2-2: Fly out, F8 (Line Drive, 8LM, EV 97.5 MPH)
Bottom of the 9th over - 0 runs, 0 hits, 0 errors, 1 left on base; Forest City 7 - Jersey City 0
Friday, March 26th, 2021 - OOTP Baseball 20.8 Build 74